 Dungeon Crawl Stone Soup version 0.27-a0-1245-g940ed4fa31 (console) character file.

Game seed: 17699490340048878432

137239 jejorda2 the Fencer (level 17, 0/199 HPs)
             Began as a Merfolk Berserker on June 9, 2021.
             Was a High Priest of Trog.
             Slain by a titanic slime creature (38 damage)
             ... on level 15 of the Dungeon.
             The game lasted 01:32:09 (39491 turns).

jejorda2 the Fencer (Merfolk Berserker)            Turns: 39491, Time: 01:32:09

Health: 0/199      AC: 26    Str: 22    XL:     17   Next: 23%
Magic:  17/17      EV: 11    Int:  6    God:    Trog [*****.]
Gold:   3052       SH: 14    Dex: 16    Spells: 16/16 levels left

rFire    + . .     SeeInvis .   a - +3 double sword (holy)
rCold    + . .     Faith    .   Q - +0 kite shield
rNeg     . . .     Spirit   .   j - +4 plate armour {rF+}
rPois    .         Reflect  .   u - +0 helmet
rElec    .         Harm     .   T - +0 cloak
rCorr    +         Rampage  .   R - +2 pair of gloves {Stlth+}
Will     +....                  G - +0 pair of boots
Stlth    ..........             m - amulet of regeneration
HPRegen  1.43/turn              i - ring of protection from cold
MPRegen  0.15/turn              B - ring of resist corrosion

@: berserking (expiring), very quick
A: (nimble swimmer 2), mertail
a: Renounce Religion, Berserk, Trog's Hand, Brothers in Arms


You were on level 15 of the Dungeon.
You worshipped Trog.
Trog was extremely pleased with you.
You visited 3 branches of the dungeon, and saw 23 of its levels.
You visited the Abyss 1 time.
You also visited: Ossuary and Ice Cave.

You collected 3088 gold pieces.
You spent 36 gold pieces at shops.

Inventory:

Hand Weapons
 a - a +3 double sword of holy wrath (weapon)
 b - a +1 scimitar of flaming
Missiles
 e - 13 silver boomerangs
 h - 64 boomerangs (quivered)
 k - 4 silver javelins
 r - 112 poisoned darts
 A - 5 curare-tipped darts
 O - a throwing net
 Z - 8 boomerangs of dispersal
Armour
 j - a +4 plate armour of fire resistance (worn)
 u - a +0 helmet (worn)
 G - a +0 pair of boots (worn)
 Q - a +0 kite shield (worn)
 R - a +2 pair of gloves of stealth (worn)
 T - a +0 cloak (worn)
Jewellery
 i - a ring of protection from cold (left hand)
 m - an amulet of regeneration (around neck)
 B - a ring of resist corrosion (right hand)
 J - a ring of flight
 P - a ring of poison resistance
Wands
 f - a wand of mindburst (10)
 n - a wand of iceblast (24)
 v - a wand of paralysis (10)
 w - a wand of digging (24)
 K - a wand of flame (47)
 N - a wand of charming (23)
 W - a wand of acid (5)
 Y - a wand of polymorph (7)
Scrolls
 g - 5 scrolls of vulnerability
 p - 3 scrolls of blinking
 s - 4 scrolls of fog
 C - 2 scrolls of holy word
 D - 4 scrolls of magic mapping
 F - 4 scrolls of fear
 I - 7 scrolls of teleportation
 M - 9 scrolls of identify
 S - 3 scrolls of summoning
Potions
 c - a potion of ambrosia
 d - 9 potions of curing
 l - 5 potions of mutation
 o - 5 potions of lignification
 q - 5 potions of attraction
 t - 3 potions of cancellation
 x - 2 potions of might
 E - 7 potions of flight
 H - 2 potions of haste
 L - 2 potions of invisibility
 U - a potion of heal wounds
 V - a potion of resistance
Miscellaneous
 X - a lightning rod (4/4)


   Skills:
 - Level 12.0 Fighting
 - Level 16.0 Long Blades
 + Level 10.4 Throwing
 - Level 10.7 Armour
 - Level 10.3 Dodging
 - Level 15.0 Shields
 - Level 6.0 Evocations


You had 16 spell levels left.
You didn't know any spells.
Your spell library was empty.

Dungeon Overview and Level Annotations

Branches:
Dungeon (15/15)            Temple (0/1) D:7            Lair (6/6) D:11
  Swamp (0/4) Lair:2       Spider (0/4) Lair:2        Slime (0/5) Lair:6
    Orc (2/2) D:12            Elf (0/3) Orc:2        Vaults (0/5) D:13
Ossuary (visited)           IceCv (visited)
 Depths: D:15

Altars:
Dithmenos
Makhleb
Okawaru
Trog
Vehumet
Xom
Yredelemnul
Beogh

Shops:
D:8 *   Orc:1 :   Orc:2 =[!([

Portals:
Hell: Lair:6
Trove: D:10 (give 2 scrolls of acquirement)


Innate Abilities, Weirdness & Mutations

((You are quick and stealthy near water. (Stealth+, EV+, Speed+++)))
Your lower body shifts to a powerful aquatic tail in water.


Message History

You slice the titanic slime creature!!
The titanic slime creature is heavily wounded.
You hit the titanic slime creature.
The titanic slime creature is heavily wounded.
The titanic slime creature hits you but does no damage.
You barely miss the titanic slime creature.
The titanic slime creature is heavily wounded.
You slash the titanic slime creature!
The titanic slime creature is heavily wounded.
You block the titanic slime creature's attack.
You slice the titanic slime creature!!
The titanic slime creature is heavily wounded.
You slice the titanic slime creature!!
The titanic slime creature is heavily wounded.
The titanic slime creature misses you.
You slash the titanic slime creature!
The titanic slime creature is severely wounded.
You slice the titanic slime creature!!
The titanic slime creature is severely wounded.
The cyan ugly thing basks in the mutagenic energy from its kin and changes!
The titanic slime creature closely misses you.
You riposte.
You slice the titanic slime creature!!
The titanic slime creature is severely wounded.
You slice the titanic slime creature!!
The titanic slime creature is almost dead.
You slash the titanic slime creature!
The titanic slime creature is almost dead.
The titanic slime creature hits you!!!!
* * * LOW HITPOINT WARNING * * *
You are too injured to fight recklessly!
You are too injured to fight recklessly!
You are too injured to fight recklessly!
You are too injured to fight recklessly!
You are too injured to fight recklessly!
You slash the titanic slime creature!
The titanic slime creature is almost dead.
You hit the titanic slime creature.
The titanic slime creature is almost dead.
The titanic slime creature hits you!!!
You die...

..# #.#..#.....###.#... .##
###....#.......... .#
##.##....##...# .###
#....##..#...# .# ...#
#..####......##. ..## ####
##........###### ..# ##..
#.##.#......... ..#
##...J####.##..###...... ..#
.....uJ@...##..# #...... .###
.#...u#######..###...... ...# ##..
##............. ...## ####
##..##......###. ....#####
#..####..####....## #. ........#
#.###...## ##.....###.
........####.....### ##.......#..
(.......#.....########...##..(รท.#
..........###.####.......##.....#


You could see 2 ugly things, a titanic slime creature and a slime creature.

Vanquished Creatures
  Saint Roka (Orc:2)
  Rupert (D:14)
  Kirke (D:12)
  3 tentacled starspawn (Abyss:2)
  Frances (D:12)
  A tengu reaver (D:14)
  Louise (D:15)
  4 orc warlords
  A very ugly thing (D:15)
  Nessos (D:15)
  An ettin (D:14)
  Josephine (D:14)
  The ghost of OTABOTABOTAB the Wallflower, a journeyman VSFi of Uskayaw (Orc:2)
  Fannar (Lair:3)
  Erolcha (Orc:2)
  3 boulder beetles
  13 hydras
  An ice dragon (D:13)
  A rakshasa (D:15)
  A death knight (D:11)
  8 centaur warriors
  5 two-headed ogres
  4 death yaks
  6 tengu warriors
  2 deep elf knights (D:15)
  Urug (Orc:1)
  The ghost of pablusdiablus the Cleaver, a novice HOFi of Gozag (D:7)
  Nergalle (D:10)
  2 wretched stars (Abyss:2)
  A sixfirhy (Orc:2)
  A flayed ghost (D:14)
  An obsidian statue (D:9)
  5 large abominations (Abyss:2)
  5 orc knights
  3 wizards
  2 bog bodies (Lair:2)
  A lindwurm (Lair:6)
  A phantasmal warrior (D:13)
  A deep elf archer (D:15)
  An orb spider (Abyss:2)
  3 deep elf pyromancers
  A necromancer (D:12)
  3 oklob plants
  An orc sorcerer (Orc:1)
  A worldbinder (Abyss:2)
  12 ugly things
  2 manticores
  9 cyclopes
  7 black mambas
  9 elephants
  Joseph (D:8)
  2 ice statues (IceCv)
  A torpor snail (Lair:3)
  A smoke demon (Lair:6)
  Maggie (Lair:1)
  16 cane toads
  A kobold demonologist (D:14)
  4 rime drakes
  An orange demon (Lair:6)
  8 komodo dragons
  A komodo dragon (shapeshifter) (D:15)
  An ancient zyme (Abyss:2)
  An efreet (D:12)
  3 ice devils
  A freezing wraith (D:14)
  3 jumping spiders (Lair:2)
  3 tengu conjurers
  8 trolls
  4 meliai
  Prince Ribbit (D:9)
  15 slime creatures
  17 blink frogs
  2 meliai zombies (D:11)
  9 dream sheep
  2 vampires
  A redback (shapeshifter) (D:14)
  5 redbacks (Lair:2)
  A tarantella (shapeshifter) (D:13)
  5 wyverns
  6 wraiths
  4 hogs (D:12)
  7 basilisks
  24 yaks
  7 vampire mosquitoes
  8 wargs
  2 small abominations (Abyss:2)
  An acid dragon (D:13)
  3 hell hounds (Lair:6)
  A floating eye (shapeshifter) (D:14)
  A swamp worm (Lair:2)
  16 water moccasins
  A spectral troll (Orc:2)
  An ice beast (shapeshifter) (D:14)
  4 black bears
  6 ice beasts (IceCv)
  50 orc warriors
  2 sky beasts
  6 starcursed masses (Abyss:2)
  8 ogres
  8 centaurs
  14 wolves
  A phantom (D:5)
  A spectral cyclops (Orc:2)
  3 kobold brigands
  19 bullfrogs
  4 scorpions
  15 killer bees
  5 howler monkeys
  3 wights (D:10)
  4 electric eels
  8 centaur zombies
  6 jellies
  A quasit (Abyss:2)
  30 orc priests
  A hound (D:5)
  2 iguanas
  A scorpion zombie (D:5)
  Ijyb (D:3)
  A bullfrog skeleton (D:5)
  20 orc wizards
  A spectral orc (Orc:2)
  3 hell rats
  4 polar bear simulacra (D:12)
  4 wolf simulacra (D:12)
  A centaur simulacrum (D:7)
  A hound skeleton (D:4)
  A mummy (Ossuary)
  A killer bee simulacrum (D:7)
  Robin (D:4)
  3 howler monkey zombies
  4 gnolls (D:6)
  15 river rats
  6 adders
  An ogre simulacrum (Orc:2)
  A shadow imp (D:7)
  2 white imps
  2 orc simulacra (Orc:2)
  6 worms
  2 dart slugs
  111 orcs
  2 spectral bats (Ossuary)
  10 ball pythons
  5 endoplasms
  3 giant cockroaches (D:1)
  12 gnoll zombies (Ossuary)
  6 hobgoblins
  5 jackals
  7 quokkas
  4 bats
  2 bat simulacra (Ossuary)
  5 frilled lizards
  11 goblins (D:4)
  4 goblin simulacra (Ossuary)
  3 goblin zombies (Ossuary)
  5 hobgoblin zombies (Ossuary)
  14 kobolds
  2 kobold simulacra (Ossuary)
  7 kobold zombies (Ossuary)
  3 orc zombies (Ossuary)
  13 rats
  5 rat simulacra (Ossuary)
  3 river rat simulacra (D:12)
  3 spectral goblins (Ossuary)
  2 spectral kobolds (Ossuary)
  2 spectral rats (Ossuary)
  2 starspawn tentacles (Abyss:2)
874 creatures vanquished.

Vanquished Creatures (collateral kills)
  A sun demon (Lair:6)
  2 cane toads (Lair:5)
  2 rime drakes (Lair:6)
  An orange demon (Lair:6)
  An ice devil (Lair:6)
  An ancient zyme (Abyss:2)
  4 dream sheep (Lair:6)
  2 wyverns
  A hog (D:13)
  A wraith (Abyss:2)
  4 yaks (Lair:5)
  A water moccasin (Lair:5)
  2 hell hounds (Lair:6)
  2 orc warriors (Orc:2)
  5 wolves (Lair:6)
  A bullfrog (Lair:5)
  2 orc priests (Orc:2)
  2 orcs (Orc:1)
35 creatures vanquished.

Vanquished Creatures (others)
  A deep elf knight (D:15)
  An ufetubus (Abyss:2)
  2 bushes (Lair:6)
  19 fungi
  139 plants
  6 starspawn tentacles (Abyss:2)
168 creatures vanquished.

Grand Total: 1077 creatures vanquished

Notes
Turn   | Place    | Note
-------+----------+-------------------------------------------
     0 | D:1      | jejorda2 the Merfolk Berserker began the quest for the Orb.
     0 | D:1      | Reached XP level 1. HP: 18/18 MP: 1/1
    46 | D:1      | Found a faded altar of an unknown god.
   283 | D:1      | Reached XP level 2. HP: 8/24 MP: 2/2
   873 | D:1      | Reached XP level 3. HP: 28/29 MP: 3/3
   958 | D:1      | Reached skill level 4 in Long Blades
  2056 | D:2      | Reached ** piety under Trog
  2521 | D:2      | Reached XP level 4. HP: 19/37 MP: 4/4
  3188 | D:2      | Found a shimmering altar of Xom.
  3647 | D:3      | Noticed Ijyb
  3658 | D:3      | Killed Ijyb
  3659 | D:3      | Reached skill level 5 in Long Blades
  3659 | D:3      | Reached XP level 5. HP: 42/42 MP: 5/5
  4515 | D:4      | Identified a scroll of acquirement
  4515 | D:4      | Acquired a +2 double sword of holy wrath
  4643 | D:4      | Found a sand-covered staircase.
  4648 | Ossuary  | Entered an ossuary
  4836 | Ossuary  | Reached *** piety under Trog
  5213 | D:4      | Reached XP level 6. HP: 45/49 MP: 6/6
  5537 | D:4      | Noticed a black bear
  5538 | D:4      | Noticed Robin
  5544 | D:4      | Killed a black bear
  5545 | D:4      | Reached skill level 5 in Fighting
  5545 | D:4      | Reached skill level 6 in Long Blades
  5555 | D:4      | Reached **** piety under Trog
  5558 | D:4      | Killed Robin
  5713 | D:4      | Reached XP level 7. HP: 56/56 MP: 7/7
  5950 | D:5      | Entered Level 5 of the Dungeon
  6121 | D:5      | Reached skill level 7 in Long Blades
  6874 | D:6      | Reached XP level 8. HP: 55/64 MP: 8/8
  7133 | D:6      | Reached skill level 8 in Long Blades
  7375 | D:6      | Found a basalt altar of Yredelemnul.
  7375 | D:6      | Found a bloodstained altar of Trog.
  7547 | D:6      | Identified the Collected Works on Torrid Necromancy
  7791 | D:7      | Reached skill level 9 in Long Blades
  8028 | D:7      | Reached XP level 9. HP: 69/69 MP: 9/9
  8140 | D:7      | Found a staircase to the Ecumenical Temple.
  8232 | D:7      | Reached skill level 10 in Long Blades
  8452 | D:7      | Reached skill level 5 in Armour
  8479 | D:7      | Found a runed translucent gate.
  8481 | D:7      | Found a runed translucent gate.
  8482 | D:7      | Found a runed translucent gate.
  8484 | D:7      | Noticed pablusdiablus's ghost (novice HOFi)
  8508 | D:7      | Killed pablusdiablus's ghost
  8509 | D:7      | Reached skill level 11 in Long Blades
  9003 | D:7      | Found a staircase to the Ecumenical Temple.
  9258 | D:8      | Reached XP level 10. HP: 76/76 MP: 10/10
  9343 | D:8      | Reached skill level 12 in Long Blades
  9551 | D:8      | Noticed Joseph
  9560 | D:8      | Killed Joseph
  9561 | D:8      | Reached skill level 1 in Throwing
  9988 | D:8      | Found Voxor's General Store.
  9993 | D:8      | Bought a potion of flight for 36 gold pieces
 10229 | D:9      | Noticed an obsidian statue
 10229 | D:9      | Noticed Prince Ribbit
 10229 | D:9      | Noticed a two-headed ogre
 10236 | D:8      | Killed a two-headed ogre
 10860 | D:9      | Found an iron altar of Okawaru.
 10997 | D:9      | Reached skill level 13 in Long Blades
 10997 | D:9      | Reached skill level 5 in Dodging
 11103 | D:9      | Killed Prince Ribbit
 11489 | D:9      | Killed an obsidian statue
 11589 | D:10     | Entered Level 10 of the Dungeon
 11770 | D:10     | Found a portal to a secret trove of treasure.
 11797 | D:10     | Reached XP level 11. HP: 59/79 MP: 11/11
 11952 | D:10     | Found a radiant altar of Vehumet.
 12115 | D:10     | Noticed Nergalle
 12141 | D:10     | Killed Nergalle
 12176 | D:10     | Noticed a cyclops
 12182 | D:10     | Killed a cyclops
 12183 | D:10     | Reached skill level 14 in Long Blades
 12534 | D:10     | Noticed a two-headed ogre
 12543 | D:10     | Killed a two-headed ogre
 12544 | D:10     | Reached skill level 5 in Throwing
 12544 | D:10     | Reached skill level 1 in Evocations
 13493 | D:11     | Noticed a death knight
 13511 | D:11     | Killed a death knight
 13606 | D:11     | Found a staircase to the Lair.
 14038 | D:11     | Noticed a cyclops
 14043 | D:11     | Killed a cyclops
 14580 | D:11     | Noticed a two-headed ogre
 14592 | D:11     | Killed a two-headed ogre
 14802 | D:11     | Reached skill level 15 in Long Blades
 15252 | D:12     | Noticed a brown ugly thing
 15277 | D:12     | Killed a brown ugly thing
 15278 | D:12     | Reached XP level 12. HP: 81/88 MP: 12/12
 15520 | D:12     | Noticed a two-headed ogre
 15531 | D:12     | Killed a two-headed ogre
 15654 | D:12     | Reached ***** piety under Trog
 15727 | D:12     | Reached skill level 5 in Evocations
 15764 | D:12     | Reached skill level 16 in Long Blades
 16177 | D:12     | Found a staircase to the Orcish Mines.
 16178 | D:12     | Noticed a two-headed ogre
 16184 | D:12     | Killed a two-headed ogre
 16739 | Lair:1   | Entered Level 1 of the Lair of Beasts
 16753 | Lair:1   | Noticed Maggie
 16762 | Lair:1   | Killed Maggie
 17155 | Lair:1   | Noticed a seven-headed hydra
 17170 | Lair:1   | Killed a one-headed hydra
 17596 | Lair:1   | Reached XP level 13. HP: 85/95 MP: 13/13
 17689 | Lair:1   | Reached skill level 5 in Shields
 18395 | Lair:2   | Received a gift from Trog
 18650 | Lair:2   | Found a hole to the Spider Nest.
 19464 | Lair:2   | Found a staircase to the Swamp.
 20676 | Lair:3   | Noticed Fannar
 20696 | Lair:3   | Killed Fannar
 21051 | Lair:3   | Received a gift from Trog
 21756 | Lair:4   | Reached XP level 14. HP: 101/108 MP: 14/14
 22417 | Lair:4   | Identified the +1 scale mail of Evolution {rPois rF- MP-9
                  | Dex+7}
 23357 | Lair:5   | Reached skill level 10 in Shields
 24129 | Lair:6   | Entered Level 6 of the Lair of Beasts
 24141 | Lair:6   | Reached skill level 10 in Fighting
 24169 | Lair:6   | Received a gift from Trog
 24176 | Lair:6   | Found a frozen archway.
 24323 | IceCv    | Entered an ice cave
 24423 | IceCv    | Found a transporter.
 24443 | IceCv    | Found a transporter.
 25073 | Lair:6   | Found a staircase to the Slime Pits.
 25952 | Lair:6   | Reached XP level 15. HP: 117/117 MP: 15/15
 27124 | Lair:6   | Found a burning altar of Makhleb.
 27511 | Lair:6   | Found a gateway to Hell.
 28204 | D:13     | Noticed Frances
 28209 | D:13     | Noticed Kirke
 28340 | D:12     | Killed Kirke
 29108 | D:12     | Killed Frances
 29330 | D:13     | Reached skill level 10 in Armour
 30422 | D:13     | Found a gate to the Vaults.
 31175 | D:14     | Noticed a tengu reaver
 31194 | D:14     | Killed a tengu reaver
 31310 | Orc:1    | Entered Level 1 of the Orcish Mines
 31434 | Orc:1    | Found Mehimaep's Book Shoppe.
 31696 | Orc:1    | Noticed an orc warlord
 31733 | Orc:1    | Killed an orc warlord
 31734 | Orc:1    | Reached XP level 16. HP: 127/127 MP: 13/16
 32255 | Orc:1    | Identified the +8 hand crossbow of the Bespelling Asp
                  | {elec, Str+5 Dex-4}
 32255 | Orc:1    | Identified the ring "Wuewocl Dieh" {Ice Str+3}
 32482 | Orc:2    | Entered Level 2 of the Orcish Mines
 32497 | Orc:2    | Found Baniathearph's Jewellery Boutique.
 32517 | Orc:2    | Noticed Erolcha
 32521 | Orc:2    | Noticed Saint Roka
 33549 | Orc:2    | Noticed Urug
 33745 | Orc:1    | Killed Urug
 34376 | Orc:2    | Received a gift from Trog
 34754 | Orc:2    | Found a runed translucent gate.
 34754 | Orc:2    | Found a runed translucent gate.
 34754 | Orc:2    | Found a runed translucent gate.
 34767 | Orc:2    | Noticed OTABOTABOTAB's ghost (journeyman VSFi)
 34784 | Orc:2    | Cast into level 2 of the Abyss (Erolcha)
 34817 | Abyss:2  | Noticed a tentacled starspawn
 34826 | Abyss:2  | Killed a tentacled starspawn
 34848 | Abyss:2  | Noticed a tentacled starspawn
 34860 | Abyss:2  | Killed a tentacled starspawn
 34884 | Abyss:2  | Noticed a tentacled starspawn
 35144 | Abyss:2  | Killed a tentacled starspawn
 35286 | Abyss:2  | Reached skill level 15 in Shields
 35288 | Orc:2    | Escaped the Abyss
 35314 | Orc:2    | Killed Erolcha
 35592 | Orc:2    | Killed Saint Roka
 35593 | Orc:2    | Reached skill level 10 in Dodging
 37276 | Orc:2    | Found Mykeyney's Armour Shoppe.
 37310 | Orc:2    | Found a staircase to the Elven Halls.
 37400 | Orc:2    | Found Rulaff's Antique Weapon Boutique.
 37402 | Orc:2    | Found Ygyoj's Antique Armour Shop.
 37500 | Orc:2    | Found Yczuoqig's Distillery.
 37745 | Orc:2    | Killed OTABOTABOTAB's ghost
 37800 | Orc:2    | Upgraded the game from 0.27-a0-1232-gc6a4cbde82 to
                  | 0.27-a0-1245-g940ed4fa31
 38621 | D:14     | Noticed Rupert
 38638 | D:14     | Killed Rupert
 38682 | D:15     | Entered Level 15 of the Dungeon
 38708 | D:15     | Noticed Nessos
 38720 | D:15     | Noticed Louise
 38743 | D:15     | Killed Louise
 38774 | D:15     | Killed Nessos
 38789 | D:15     | Reached XP level 17. HP: 104/133 MP: 17/17
 38909 | D:15     | Found a shadowy altar of Dithmenos.
 38912 | D:15     | Noticed Josephine
 38991 | D:14     | Killed Josephine
 39284 | D:15     | Received a gift from Trog
 39289 | D:15     | Reached skill level 10 in Throwing
 39491 | D:15     | Slain by a titanic slime creature

Illustrated notes

Levels and vault maps discovered:
D:1:      onia_arrival_pyramid, layout_basic, chequers_ecumenical_altar_island,
          minmay_strange_pillars, st_stairs_2
D:2:      layout_loops_ring, basic_altar
D:3:      layout_basic, chequers_serial_rivers_micro_b, uniq_ijyb
D:4:      minmay_clustersquares, layout_cave_pods, enter_ossuary_5, uniq_robin
D:5:      layout_basic
D:6:      layout_loops_corners, chequers_temple_overflow_statue_of_worship,
          hangedman_decor_lopped, minmay_between
D:7:      layout_loops_cross, minmay_temple_entry_hall,
          gammafunk_ghost_necromancy, grunt_tough_drop
D:8:      layout_rooms, serial_shops, shop, kennysheep_diamond, uniq_joseph
D:9:      layout_loops_ring, kennysheep_mini_moat, minmay_statue_bubble,
          uniq_prince_ribbit1
D:10:     layout_basic, amcnicky_altar_gilded, enter_trove_2,
          chequers_serial_rivers_small_b, lightli_minifort, uniq_nergalle
D:11:     layout_grid_maze, minmay_lair_entry_grove, serial_bayou_lagoon_a
D:12:     layout_big_octagon, david_orc_1_choice, eino_house_with_fridge
D:13:     layout_cave_pools, david_vaults_4, ebering_dispersal_statue_hall,
          uniq_kirke, uniq_frances
D:14:     minmay_expanding_squares, layout_long_grid, hangedman_decor_growths,
          uniq_rupert
D:15:     gammafunk_enter_depths_forms, layout_rooms, minmay_misc_feat_encased,
          grunt_dithmenos_smoke, uniq_azrael, uniq_louise, uniq_josephine,
          uniq_nessos
Lair:1:   layout_loops_ring, grunt_megastairs_4, uniq_maggie
Lair:2:   layout_misc_corridors, nicolae_swamp_entry_splash_gauntlet,
          nicolae_spider_entry_tight_spaces, kennysheep_rathole,
          minmay_lair_oklob_chamber
Lair:3:   layout_roguey, kennysheep_abandoned_house, uniq_fannar
Lair:4:   layout_long_grid, chequers_serial_rivers_room_b,
          infiniplex_staircase_pool_2, lemuel_fruit_fields, serial_bayou_shore_b
Lair:5:   layout_concentric_octagons, serial_bayou_pond_e
Lair:6:   evil_forest, layout_layer_cave, minmay_slime_entry_pillars,
          portal_ice_cave_rime, serial_forest, infiniplex_forest_lined_4_way,
          infiniplex_forest_clump_curved, infiniplex_forest_end_3,
          infiniplex_forest_zigzag_1, infiniplex_forest_end_double,
          infiniplex_forest_clump_medium
Orc:1:    layout_diamond_mine, serial_shops, shop_coins,
          hellmonk_bongcloud_opening, minmay_orc_treasury
Orc:2:    grunt_orc_community_town_hall, layout_caves,
          grunt_orc_community_big_house_2, grunt_orc_community_big_house_2,
          grunt_orc_community_house_3, grunt_orc_community_house_3,
          grunt_orc_community_house_2, grunt_orc_community_house_3,
          grunt_orc_community_house_2, grunt_orc_community_house_1,
          serial_shops, shop, gammafunk_ghost_necromancy, lightli_orcish_oven,
          uniq_urug, uniq_erolcha, uniq_saint_roka

Skill      XL: |  1  2  3  4  5  6  7  8  9 10 11 12 13 14 15 16 17 |
---------------+----------------------------------------------------+-----
Long Blades    | 4 5 6 7 9 11 13 15 16 | 16.0
Armour         | 2 3 4 5 6 8 9 10 | 10.7
Fighting       | 4 5 6 9 10 11 12 | 12.0
Throwing       | 3 6 8 10 | 10.4
Dodging        | 6 7 9 10 | 10.3
Evocations     | 4 6 |  6.0
Shields        | 4 9 11 13 15 | 15.0

Action                   |  1- 3 |  4- 6 |  7- 9 | 10-12 | 13-15 | 16-18 || total
-------------------------+-------+-------+-------+-------+-------+-------++-------
Melee: Falchion          |   113 |   114 |       |     9 |    41 |       ||   277
       Tailslap          |     1 |       |       |     1 |     2 |       ||     4
       Double sword      |       |   119 |   155 |   551 |  1070 |   951 ||  2846
       Long sword        |       |       |       |       |   131 |       ||   131
       Scimitar          |       |       |       |       |     5 |     4 ||     9
Throw: Dart              |       |       |    15 |    37 |    38 |     3 ||    93
       Boomerang         |       |       |       |       |     8 |    12 ||    20
       Javelin           |       |       |       |       |       |     5 ||     5
Invok: Berserk           |     1 |     3 |     3 |    13 |    16 |    14 ||    50
       Trog's Hand       |       |       |     2 |     5 |    12 |    14 ||    33
       Brothers in Arms  |       |       |     1 |     1 |     5 |     6 ||    13
Evoke: Wand              |       |       |       |     4 |     4 |     3 ||    11
       Lightning rod     |       |       |       |       |     4 |       ||     4
  Use: Scroll            |       |    13 |     6 |     6 |     3 |     2 ||    30
       Potion            |       |       |       |     5 |     1 |     8 ||    14
 Stab: Sleeping          |     2 |       |       |       |       |       ||     2
       Paralysed         |       |       |       |     2 |     4 |     3 ||     9
       Distracted        |       |       |       |       |     1 |     1 ||     2
Armor: Animal skin       |    23 |     3 |       |       |       |       ||    26
       Ring mail         |       |    91 |    73 |   104 |       |       ||   268
       Plate armour      |       |       |       |    49 |   152 |   216 ||   417
       Chain mail        |       |       |       |       |   311 |   114 ||   425
Dodge: Dodged            |    67 |   140 |   102 |   359 |   517 |   289 ||  1474
Block: Buckler           |       |       |       |    14 |   398 |       ||   412
       Kite shield       |       |       |       |       |    57 |   673 ||   730
       Rpst.: Falchion   |    20 |    17 |       |       |     4 |       ||    41
       Double sword      |       |    25 |    23 |    86 |    97 |    63 ||   294
       Long sword        |       |       |       |       |    24 |       ||    24
       Scimitar          |       |       |       |       |       |     1 ||     1

Table legend: (Time is in decaauts)
 A = Elapsed time spent in this place.
 B = Non-inter-level travel time spent in this place.
 C = Inter-level travel time spent in this place.
 D = Time resting spent in this place.
 E = Time spent auto-exploring this place.
 F = Levels seen in this place.
 G = Mean time per level.
                   A        B        C        D        E       F      G
               +--------+--------+--------+--------+--------+-----+--------+
         Total |  39123 |  37112 |   2011 |   6679 |  24144 |  26 | 1504.7 |
       Dungeon |  21432 |  19959 |   1473 |   2711 |  14011 |  15 | 1428.8 |
          Lair |  10229 |   9866 |    363 |   1397 |   7070 |   6 | 1704.8 |
  Orcish Mines |   5930 |   5756 |    174 |   2205 |   2454 |   2 | 2965.0 |
         Abyss |    494 |    494 |      0 |    127 |    118 |   1 |  494.0 |
       Ossuary |    561 |    561 |      0 |    124 |    244 |   1 |  561.0 |
      Ice Cave |    474 |    474 |      0 |    113 |    246 |   1 |  474.0 |
               +--------+--------+--------+--------+--------+-----+--------+

Top non-repeatable levels by time:
   Orc:1: 4212 daAuts
  Lair:6: 2681 daAuts
    D:12: 2641 daAuts
    D:11: 2298 daAuts
     D:2: 2178 daAuts
  Lair:2: 2043 daAuts
  Lair:4: 1818 daAuts
   Orc:2: 1718 daAuts
    D:13: 1577 daAuts
     D:7: 1545 daAuts
  Lair:1: 1506 daAuts
     D:1: 1488 daAuts
    D:10: 1399 daAuts
    D:14: 1365 daAuts
     D:8: 1314 daAuts
